 Dungeon Crawl Stone Soup version 0.18-a0-1639-g7533f42 (webtiles) character file.

259 Krapule the Poker (level 5, -12/45 HPs)
             Began as a Minotaur Skald on Mar 27, 2016.
             Mangled by Uhlv's ghost (13 damage)
             ... on level 3 of the Dungeon.
             The game lasted 00:14:40 (3442 turns).

Krapule the Poker (Minotaur Skald)                  Turns: 3442, Time: 00:14:42

Health: -12/45     AC:  4    Str: 16 (17) XL:     5   Next: 94%
Magic:  7/7        EV: 11    Int:  9 (10) God:
Gold:   121        SH:  0    Dex:  6 (9)  Spells: 2 memorised, 5 levels left

rFire  . . .     SeeInvis .     a - +0 spear
rCold  . . .     Gourm    +     b - +0 leather armour
rNeg   . . .     Faith    .     (no shield)
rPois  .         Spirit   .     (helmet restricted)
rElec  .         Dismiss  .     (no cloak)
rCorr  .         Reflect  .     q - +0 pair of gloves
SustAt .         Harm     .     (no boots)
MR     .....                    i - amulet of the gourmand
Stlth  +.........               (no ring)
                                (no ring)

@: not resistant to hostile enchantments, very unstealthy
A: retaliatory headbutt, horns 2
a: no special abilities


You were on level 3 of the Dungeon.
You were not hungry.

You visited 1 branch of the dungeon, and saw 4 of its levels.

You collected 121 gold pieces.

Inventory:

Hand Weapons
 a - a +0 spear (weapon)
Armour
 b - a +0 leather armour (worn)
 q - a +0 pair of gloves (worn)
Jewellery
 i - an amulet of the gourmand (around neck)
Scrolls
 e - a scroll of noise
 g - 2 scrolls of remove curse
 h - 4 scrolls of identify
 k - a scroll of teleportation {unknown}
 m - a scroll of magic mapping {unknown}
 n - a scroll of immolation {unknown}
 o - a scroll of amnesia {unknown}
Potions
 j - 2 potions of heal wounds
 l - a potion of degeneration
 r - a potion of cure mutation
Books
 c - a book of Battle

   Spells                             Type                      Level
   a - Infusion                       Charms                       1
   b - Shroud of Golubria             Charms/Translocation         2
   c - Song of Slaying                Charms                       2
   d - Spectral Weapon                Hexes/Charms                 3
   e - Regeneration                   Charms/Necromancy            3
 p - a book of Cantrips

   Spells                             Type                      Level
   a - Corona                         Hexes                        1
   b - Animate Skeleton               Necromancy                   1
   c - Summon Small Mammal            Summoning                    1
   d - Apportation                    Translocation                1
Comestibles
 d - 3 bread rations
 f - a meat ration


   Skills:
 + Level 3.6 Fighting
 - Level 4.0 Polearms
 + Level 3.2 Armour
 + Level 2.7 Dodging
 - Level 2.0 Spellcasting
 + Level 2.5 Charms


You had 5 spell levels left.
You knew the following spells:

 Your Spells              Type           Power        Failure   Level  Hunger
a - Infusion              Chrm           #...         14%         1    ##.....
b - Song of Slaying       Chrm           #.......     21%         2    ###....


Dungeon Overview and Level Annotations

Branches:
Dungeon (4/15)
 Temple: D:4-7

Altars:
Dithmenos
Okawaru
Pakellas
Trog
Yredelemnul

Annotations:
D:3 Uhlv's ghost, amateur GrFi
D:4 tasslehoff34's ghost, novice DsGl


Innate Abilities, Weirdness & Mutations

You reflexively headbutt those who attack you in melee.
You have a pair of horns on your head.


Message History

Uhlv's ghost is lightly damaged.
Uhlv's ghost hits you!
You hit Uhlv's ghost.
Uhlv's ghost is moderately damaged.
Uhlv's ghost hits you.
You hit Uhlv's ghost but do no damage.
Uhlv's ghost is moderately damaged.
Uhlv's ghost hits you.
You hit Uhlv's ghost but do no damage.
You headbutt Uhlv's ghost, but do no damage.
Uhlv's ghost is moderately damaged.
Uhlv's ghost hits you!
You hit Uhlv's ghost but do no damage.
Uhlv's ghost is moderately damaged.
Uhlv's ghost hits you!
* * * LOW HITPOINT WARNING * * *
You hit Uhlv's ghost but do no damage.
Uhlv's ghost is moderately damaged.
Uhlv's ghost hits you!
You die...

###
################.#
.................#
################@#
#W# #K# #.# #.#
#.# ### #.# #<#
#.# #W# #.#


You could see Uhlv's ghost and a kobold.

Vanquished Creatures
  A giant frog (D:3)
  A howler monkey (D:3)
  A jelly (D:4)
  A worker ant (D:4)
  2 adders (D:3)
  A shadow imp (D:3)
  2 worms
  A dart slug (D:1)
  5 giant geckos
  3 orcs (D:3)
  A ball python (D:1)
  A giant cockroach (D:3)
  15 goblins
  5 hobgoblins
  7 kobolds
  A quokka (D:3)
  7 bats
  5 giant newts
  13 rats
73 creatures vanquished.

Notes
Turn   | Place    | Note
--------------------------------------------------------------
     0 | D:1      | Krapule the Minotaur Skald began the quest for the Orb.
     0 | D:1      | Reached XP level 1. HP: 18/18 MP: 1/1
   141 | D:1      | Reached XP level 2. HP: 22/25 MP: 1/3
  1082 | D:2      | Reached XP level 3. HP: 30/30 MP: 4/4
  1371 | D:2      | Found a bloodstained altar of Trog.
  1376 | D:2      | Reached skill level 3 in Polearms
  1615 | D:2      | Found a shadowy altar of Dithmenos.
  2044 | D:3      | Noticed Uhlv's ghost (amateur GrFi)
  2233 | D:3      | Noticed a giant frog
  2243 | D:3      | Killed a giant frog
  2243 | D:3      | Reached XP level 4. HP: 2/38 MP: 0/5
  2661 | D:3      | Reached XP level 5. HP: 45/45 MP: 6/6
  2915 | D:4      | Learned a level 2 spell: Song of Slaying
  2936 | D:4      | Found a basalt altar of Yredelemnul.
  2936 | D:4      | Found an iron altar of Okawaru.
  3033 | D:4      | Found an oddly glowing altar of Pakellas.
  3037 | D:4      | Noticed tasslehoff34's ghost (novice DsGl)
  3396 | D:3      | Reached skill level 4 in Polearms
  3441 | D:3      | HP: 1/45 [Uhlv's ghost (13)]
  3442 | D:3      | Mangled by Uhlv's ghost

Vault maps used:
D:1:      lightli_iron_boxes, grunt_decor_arrowhead, hangedman_decor_points,
          minmay_rat_gold_closets
D:2:      overflow_temple_1_default, lemuel_coloured_pillars_altar,
          nrook_mini_backslash
D:3:      marbit_many_paths, first_bread, minmay_surrounded, uniq_iyjb
D:4:      grunt_temple_overflow_champion_of_chaos, lemuel_doored_altar,
          kennysheep_little_box, gammafunk_temple_overflow_elements,
          uniq_edmund, uniq_sigmund

Skill      XL: |  1  2  3  4  5 |
---------------+----------------+-----
Armour         | 2 3 |  3.2
Polearms       | 3 4 |  4.0
Fighting       | 3 |  3.6
Dodging        | 2 |  2.7
Spellcasting   | 2 |  2.0
Charms         | |  2.5

Action                   |  1- 3 |  4- 6 || total
-------------------------+-------+-------++-------
Melee: Spear             |   177 |    97 ||   274
 Cast: Infusion          |     2 |     1 ||     3
  Use: Potion            |     1 |     3 ||     4
       Scroll            |     3 |       ||     3
 Stab: Sleeping          |     1 |     1 ||     2
  Eat: Chunk             |     8 |     5 ||    13
